 Dungeon Crawl Stone Soup version 0.30.0-29-ga12c61a403 (webtiles) character file.

Game seed: 16788151169077859044

41121 qw the Cleaver (level 14, -1/88 HPs)
             Began as a Gargoyle Fighter on June 3, 2023.
             Was an Elder of Okawaru.
             Slain by Snorg (4 damage)
             ... on level 5 of the Lair of Beasts.
             The game lasted 00:07:25 (14566 turns).

qw the Cleaver (Gargoyle Fighter)                  Turns: 14566, Time: 00:07:25

Health: -1/88      AC: 59    Str: 25    XL:     14   Next: 14%
Magic:  17/21      EV:  7    Int: 12    God:    Okawaru [****..]
Gold:   653        SH: 12    Dex:  9    Spells: 13/13 levels left

rFire   . . .        n - +0 broad axe (protect)
rCold   + . .        o - +0 kite shield
rNeg    + . .        c - +8 orange crystal plate armour {Archmagi, Int+3 Clar}
rPois   inf          b - +1 helmet
rElec   +            u - +0 cloak
rCorr   +            i - +0 pair of gloves
SInv    .            e - +0 pair of boots
Will    +....        y - amulet of the acrobat Stlth
                     l - ring of protection from cold
HPRegen 0.34/turn    p - ring of resist corrosion
MPRegen 0.17/turn

%: acrobat, clarity, archmagi
@: about to teleport, heroic, finesse-ful, marked, under a protective aura,
flying
A: sickness immunity, AC +10, big wings, negative energy resistance 1,
electricity resistance, torment resistance 1, petrification resistance
a: Renounce Religion, Heroism, Finesse


You were on level 5 of the Lair of Beasts.
You worshipped Okawaru.
Okawaru was greatly pleased with you.
You visited 3 branches of the dungeon, and saw 15 of its levels.
You also visited: Sewer.

You collected 653 gold pieces.


Innate Abilities, Weirdness & Mutations

You are immune to sickness and miasma.
Your stone body is resilient. (AC +10)
You are immune to poison.
Your large and strong wings let you fly.
You resist negative energy. (rN+)
You are resistant to electric shocks. (rElec)
You are resistant to unholy torment.
You are immune to petrification.


   Skills:
 - Level 10.0(15.0) Fighting
 + Level 13.1(18.1) Axes
 - Level 2.1(7.1) Throwing
 - Level 13.0(18.0) Armour
 - Level 2.2(7.2) Dodging
 - Level 11.1(16.1) Shields
 - Level 10.0 Invocations


You had 13 spell levels left.
You didn't know any spells.
Your spell library was empty.

Inventory:

Hand Weapons
 n - a +0 broad axe of protection (weapon)
 q - a +0 morningstar
Missiles
 x - 2 boomerangs (quivered)
Armour
 b - a +1 helmet (worn)
 c - the +8 orange crystal plate armour (worn) {Archmagi, Int+3 Clar}
   (You acquired it on level 4 of the Dungeon)

   Int:       It affects your intelligence (+3).
   Clar:      It protects you from confusion, rage, mesmerisation and fear.
 e - a +0 pair of boots (worn)
 i - a +0 pair of gloves (worn)
 k - +0 acid dragon scales
 o - a +0 kite shield (worn)
 u - a +0 cloak (worn)
Jewellery
 l - a ring of protection from cold (left hand)
 p - a ring of resist corrosion (right hand)
 r - a ring of ice
 y - an amulet of the acrobat (around neck)
 Y - a ring of positive energy
Wands
 v - a wand of digging (6)
Scrolls
 a - 5 scrolls of teleportation
 g - 2 scrolls of identify
Potions
 d - 6 potions of might
 f - 4 potions of haste
 h - 5 potions of heal wounds
 j - 4 potions of resistance
 m - 3 potions of lignification
 s - a potion of attraction
 t - a potion of mutation
 w - a potion of curing

Dungeon Overview and Level Annotations

Branches:
Dungeon (9/15)             Temple (1/1) D:4            Lair (5/5) D:9
  Swamp (0/4) Lair:2        Snake (0/4) Lair:3        Slime (0/5) Lair:4
  Sewer (visited)
    Orc: D:9-12

Altars:
Ashenzari
Cheibriados
Dithmenos
Elyvilon
Fedhas
Gozag
Hepliaklqana
Kikubaaqudgha
Makhleb
Nemelex Xobeh
Okawaru
Qazlal
Ru
Sif Muna
Trog
Uskayaw
Vehumet
Wu Jian
Xom
Yredelemnul
Zin
The Shining One
Jiyva

Shops:
D:1 =

Annotations:
D:3 2 transporters
Lair:5 Rupert, Snorg


Message History

Okawaru accepts your kill.
You hear a shout!
The merfolk avatar chants a haunting song.
You are unaffected.
You barely miss Snorg. You slash the cane toad! You slash the polar bear!
The polar bear bites you but does no damage.
You block the polar bear's attack. The polar bear completely misses you.
A manticore comes into view.
You slash the cane toad!
The cane toad is heavily wounded.
You barely miss the polar bear. You hit Snorg but do no damage.
You block the cane toad's attack. You block Snorg's attack.
Snorg claws you but does no damage. x2
You slash the cane toad!
The cane toad is severely wounded.
You hit the polar bear. You slash Snorg!
The merfolk avatar chants a haunting song.
You are unaffected.
The wind drake flaps its wings at you. The air twists around and strikes you.
You slash the cane toad!
You kill the cane toad!
Okawaru accepts your kill.
You slash the polar bear! You slice Snorg!! Snorg bites you but does no damage.
You block Snorg's attack. Snorg claws you but does no damage.
You block the polar bear's attack. The polar bear barely misses you.
The polar bear claws you but does no damage.
You slash the polar bear!
The polar bear is almost dead.
You hit Snorg. You slash the dream sheep!
The snapping turtle bites you from afar!
14566 ||| READING 6 scrolls of teleportation.
As you read the scroll of teleportation, it crumbles to dust.
You feel strangely unstable. Snorg bites you!!
Snorg claws you but does no damage. Snorg closely misses you.
The dream sheep bites you but does no damage.
A wraith comes into view.
Snorg barely misses you. Snorg claws you but does no damage. Snorg claws you.
You die...

. #########P#####
.~#.#....PP..#..# ###
..........P..... ..
#.......PP# ..##
#..#.....## ..P# .#
#....#.##.## ....# ..
#..##......# #....# .##
#..###.....##Tl..#..
.P###...#..%...#@#...$#
..##...##......#mYY...#
..###..###.....khYt...#
.####..# #...#YD#S.@..#
.#.##..#..#.##kl##......
..#..........Sh## ......
................ ......
...........W.... ......
................. .....


You could see Rupert, Snorg (berserk), a merfolk avatar, an elephant, a snapping
turtle, a wind drake (repels missiles), 2 polar bears, a komodo dragon, a
basilisk, a rime drake, a wraith, a steam dragon, 2 water moccasins and 3 dream
sheep.

Vanquished Creatures
  6 hydras
  A catoblepas (Lair:4)
  A two-headed ogre (D:8)
  A death yak (Lair:2)
  Nergalle (Lair:1)
  3 skysharks
  4 lindwurms
  18 elephants
  2 torpor snails
  6 black mambas
  15 cane toads
  7 komodo dragons
  A rime drake (Lair:2)
  4 polar bears (Lair:4)
  A hornet (Lair:5)
  Prince Ribbit (D:7)
  7 blink frogs (Lair:3)
  2 wraiths (D:9)
  42 yaks
  6 wyverns
  A steam dragon (D:8)
  3 nagas (Lair:3)
  An acid dragon (D:5)
  16 water moccasins
  An ice beast (D:6)
  An orc warrior (D:9)
  7 black bears
  13 wolves
  4 centaurs
  A phantom (D:5)
  3 kobold brigands
  20 bullfrogs
  2 scorpions (D:5)
  9 killer bees
  A howler monkey (D:8)
  4 orc priests
  3 hounds
  A jelly (D:5)
  Ijyb (D:3)
  5 iguanas
  4 orc wizards
  A sleepcap (D:6)
  11 adders
  8 river rats (Sewer)
  A shadow imp (D:6)
  3 ufetubi
  3 dart slugs
  14 orcs
  5 bats
  10 endoplasms
  5 giant cockroaches
  9 hobgoblins
  4 quokkas
  18 ball pythons
  6 frilled lizards
  2 goblins
  16 kobolds
  23 rats
369 creatures vanquished.

Notes
Turn   | Place    | Note
-------+----------+-------------------------------------------
     0 | D:1      | qw the Gargoyle Fighter began the quest for the Orb.
     0 | D:1      | Reached XP level 1. HP: 14/14 MP: 1/1
     0 | D:1      | 0 ||| qw: Version: 0.2-a-103-g3a7daa1
     0 | D:1      | 0 ||| qw: Game counter: 966
     0 | D:1      | 0 ||| qw: Always use a shield: true
     0 | D:1      | 0 ||| qw: God list: Okawaru
     0 | D:1      | 0 ||| qw: Allow faded altars: false
     0 | D:1      | 0 ||| qw: Do Orc after D:15 true
     0 | D:1      | 0 ||| qw: Do second Lair branch before Depths: true
     0 | D:1      | 0 ||| qw: Lair rune preference: random
     0 | D:1      | 0 ||| qw: Plans: Normal, Zot:1-4, Slime:5, God:TSO, Crypt,
                  | Tomb, Pan, Hells, Abyss, Win
     0 | D:1      | 0 ||| PLANNING D:1-11
    46 | D:1      | 46 ||| Stepping ~*~*~tactically~*~*~ (hiding).
    48 | D:1      | 48 ||| Stepping ~*~*~tactically~*~*~ (hiding).
   325 | D:1      | Found Boacup's Jewellery Shop.
   336 | D:1      | 336 ||| SHOPLISTING +4 ring of protection (504 gold, have
                  | 17).
   336 | D:1      | 336 ||| SHOPLISTING +6 ring of dexterity (504 gold, have
                  | 17).
   336 | D:1      | 336 ||| SHOPLISTING amulet of reflection (420 gold, have
                  | 17).
   336 | D:1      | 336 ||| SHOPLISTING amulet of the acrobat (420 gold, have
                  | 17).
   336 | D:1      | 336 ||| SHOPLISTING ring "Qenisyom" {rPois rF+++ rC+ Will+
                  | Slay-6} (691 gold, have 17).
   454 | D:1      | Reached XP level 2. HP: 18/19 MP: 2/2
   480 | D:1      | 480 ||| Stepping ~*~*~tactically~*~*~ (hiding).
   483 | D:1      | 483 ||| Stepping ~*~*~tactically~*~*~ (stealth).
   948 | D:1      | 948 ||| READING scroll labelled VESAQI RIG NIP.
   958 | D:1      | 958 ||| READING 2 scrolls labelled NASSEATZYONI.
   996 | D:2      | Reached skill level 3 in Axes
  1142 | D:2      | 1142 ||| Stepping ~*~*~tactically~*~*~ (stealth).
  1143 | D:2      | 1143 ||| Stepping ~*~*~tactically~*~*~ (stealth).
  1156 | D:2      | Reached XP level 3. HP: 19/23 MP: 3/3
  1626 | D:2      | 1626 ||| UPGRADING to +0 chain mail.
  1636 | D:2      | 1636 ||| DROPPING +0 scale mail.
  1637 | D:2      | 1637 ||| UPGRADING to +0 pair of boots.
  1642 | D:2      | 1642 ||| DRINKING 2 orange potions.
  1643 | D:2      | 1643 ||| DRINKING 2 brown potions.
  1644 | D:2      | 1644 ||| DRINKING 2 green potions.
  1645 | D:2      | 1645 ||| READING 2 scrolls of identify.
  1645 | D:2      | 1645 ||| IDENTIFYING grey potion
  1646 | D:2      | 1646 ||| DROPPING potion of flight.
  1647 | D:2      | 1647 ||| DROPPING potion of invisibility.
  1667 | D:3      | 1667 ||| PLANNING SEWER
  1692 | D:3      | 1692 ||| Stepping ~*~*~tactically~*~*~ (hiding).
  1694 | D:3      | 1694 ||| Stepping ~*~*~tactically~*~*~ (hiding).
  1815 | D:3      | 1815 ||| Stepping ~*~*~tactically~*~*~ (hiding).
  1823 | D:3      | Reached XP level 4. HP: 28/28 MP: 4/4
  1865 | D:3      | 1865 ||| Stepping ~*~*~tactically~*~*~ (stealth).
  2027 | D:3      | Noticed Ijyb
  2042 | D:3      | Killed Ijyb
  2043 | D:3      | Reached XP level 5. HP: 19/32 MP: 5/5
  2153 | D:3      | 2153 ||| Stepping ~*~*~tactically~*~*~ (stealth).
  2185 | D:3      | Found a glowing drain.
  2186 | D:3      | 2186 ||| UPGRADING to +0 helmet.
  2191 | D:3      | 2191 ||| UPGRADING to +0 kite shield.
  2201 | D:3      | 2201 ||| DROPPING +0 buckler.
  2202 | D:3      | 2202 ||| READING scroll labelled SICOMA UPONE.
  2203 | D:3      | 2203 ||| READING scroll labelled PEITUDU RUXEEH.
  2215 | Sewer    | Entered a sewer
  2387 | Sewer    | 2387 ||| Stepping ~*~*~tactically~*~*~ (stealth).
  2429 | Sewer    | 2429 ||| DROPPING +4 hand axe.
  2469 | Sewer    | Reached XP level 6. HP: 27/37 MP: 6/6
  2654 | Sewer    | 2654 ||| READING 2 scrolls labelled BETYASM AFFY.
  2655 | Sewer    | 2655 ||| READING scroll labelled MUERCH VEWNILEPN.
  2656 | Sewer    | 2656 ||| DRINKING 2 metallic pink potions.
  2657 | Sewer    | 2657 ||| DRINKING 2 amethyst potions.
  2658 | Sewer    | 2658 ||| READING 3 scrolls of identify.
  2658 | Sewer    | 2658 ||| IDENTIFYING viscous brown potion
  2659 | Sewer    | 2659 ||| DROPPING scroll of fog.
  2663 | D:3      | 2663 ||| PLANNING D:1-11
  2705 | D:3      | Found a transporter.
  2705 | D:3      | You fall into a shaft and drop 3 floors!
  2819 | D:6      | Noticed an ice beast
  2824 | D:6      | Killed an ice beast
  2825 | D:6      | Reached XP level 7. HP: 41/41 MP: 7/7
  2839 | D:6      | 2839 ||| Stepping ~*~*~tactically~*~*~ (stealth).
  2852 | D:6      | Found a sacrificial altar of Ru.
  2864 | D:6      | Found an ancient bone altar of Kikubaaqudgha.
  2898 | D:6      | 2898 ||| Stepping ~*~*~tactically~*~*~ (hiding).
  2901 | D:6      | 2901 ||| Stepping ~*~*~tactically~*~*~ (hiding).
  2924 | D:6      | 2924 ||| DRINKING potion of curing.
  2924 | D:6      | 2924 ||| (to cure confusion)
  2975 | D:6      | 2975 ||| DROPPING +0 mace.
  2984 | D:6      | 2984 ||| UPGRADING to +0 plate armour.
  2994 | D:6      | 2994 ||| DROPPING +0 chain mail.
  2995 | D:6      | 2995 ||| READING scroll labelled JOPLESAOCW.
  2996 | D:6      | 2996 ||| READING scroll labelled CEBUNE IZIMOH.
  2997 | D:6      | 2997 ||| READING scroll labelled CEIXZUDGH FONI.
  3004 | D:5      | Entered Level 5 of the Dungeon
  3022 | D:5      | 3022 ||| Stepping ~*~*~tactically~*~*~ (stealth).
  3042 | D:5      | Reached skill level 6 in Axes
  3092 | D:5      | 3092 ||| READING 2 scrolls of identify.
  3092 | D:5      | 3092 ||| IDENTIFYING coppery potion
  3093 | D:5      | 3093 ||| DROPPING potion of berserk rage.
  3247 | D:3      | Found a transporter.
  3503 | D:3      | 3503 ||| DROPPING ring of magical power.
  3504 | D:3      | 3504 ||| READING scroll labelled BAUNLALEODD.
  3504 | D:3      | Identified a scroll of acquirement
  3504 | D:3      | 3504 ||| ACQUIRING +0 heavy war axe
  3504 | D:3      | Acquired a +0 heavy war axe
  3506 | D:3      | 3506 ||| SWAPPING to +0 heavy war axe.
  3507 | D:3      | 3507 ||| DROPPING +0 war axe.
  3640 | D:4      | 3640 ||| READING scroll of acquirement.
  3640 | D:4      | 3640 ||| ACQUIRING +8 orange crystal plate armour
                  | {Archmagi, Int+3 Clar}
  3640 | D:4      | Acquired the +8 orange crystal plate armour {Archmagi,
                  | Int+3 Clar}
  3640 | D:4      | Found the +8 orange crystal plate armour {Archmagi, Int+3
                  | Clar}
  3642 | D:4      | 3642 ||| UPGRADING to +8 orange crystal plate armour
                  | {Archmagi, Int+3 Clar}.
  3652 | D:4      | 3652 ||| DROPPING +0 plate armour.
  3716 | D:4      | 3716 ||| Stepping ~*~*~tactically~*~*~ (hiding).
  3717 | D:4      | 3717 ||| Stepping ~*~*~tactically~*~*~ (hiding).
  3731 | D:4      | Reached XP level 8. HP: 32/48 MP: 8/8
  3785 | D:4      | 3785 ||| Stepping ~*~*~tactically~*~*~ (stealth).
  3786 | D:4      | 3786 ||| Stepping ~*~*~tactically~*~*~ (stealth).
  3788 | D:4      | 3788 ||| Stepping ~*~*~tactically~*~*~ (hiding).
  3807 | D:4      | 3807 ||| Stepping ~*~*~tactically~*~*~ (stealth).
  3832 | D:4      | Found a staircase to the Ecumenical Temple.
  3833 | D:4      | 3833 ||| PLANNING TEMPLE
  3833 | D:4      | 3833 ||| DROPPING +6 ring of intelligence.
  3840 | Temple   | Entered the Ecumenical Temple
  3840 | Temple   | Found a transporter.
  3840 | Temple   | Found a transporter.
  3842 | Temple   | Found a transporter.
  3842 | Temple   | Found a transporter.
  3852 | Temple   | 3852 ||| PLANNING D:1-11
  3855 | Temple   | 3855 ||| PLANNING OKAWARU WORSHIP
  3858 | Temple   | Became a worshipper of Warmaster Okawaru
  3858 | Temple   | 3858 ||| PLANNING D:1-11
  4050 | D:4      | 4050 ||| Stepping ~*~*~tactically~*~*~ (stealth).
  4254 | D:4      | 4254 ||| DROPPING amulet of magic regeneration.
  4255 | D:4      | 4255 ||| READING scroll labelled SAWYOLITTEYNE.
  4256 | D:4      | 4256 ||| READING scroll labelled KUOGUY ETTAD.
  4510 | D:5      | 4510 ||| READING scroll of enchant armour.
  4510 | D:5      | 4510 ||| ENCHANTING +0 helmet.
  4736 | D:5      | 4736 ||| Stepping ~*~*~tactically~*~*~ (stealth).
  4742 | D:5      | Reached skill level 6 in Shields
  4784 | D:5      | 4784 ||| Stepping ~*~*~tactically~*~*~ (hiding).
  4792 | D:5      | 4792 ||| Stepping ~*~*~tactically~*~*~ (stealth).
  4798 | D:5      | 4798 ||| Stepping ~*~*~tactically~*~*~ (hiding).
  4824 | D:5      | Reached skill level 6 in Armour
  5018 | D:5      | 5018 ||| UPGRADING to ring of protection from cold.
  5040 | D:6      | 5040 ||| Stepping ~*~*~tactically~*~*~ (hiding).
  5148 | D:6      | 5148 ||| Stepping ~*~*~tactically~*~*~ (hiding).
  5149 | D:6      | 5149 ||| Stepping ~*~*~tactically~*~*~ (hiding).
  5151 | D:6      | 5151 ||| Stepping ~*~*~tactically~*~*~ (hiding).
  5152 | D:6      | 5152 ||| Stepping ~*~*~tactically~*~*~ (hiding).
  5161 | D:6      | 5161 ||| Stepping ~*~*~tactically~*~*~ (stealth).
  5163 | D:6      | 5163 ||| Stepping ~*~*~tactically~*~*~ (hiding).
  5173 | D:6      | Identified the +6 shortbow of Terrible Offence {heavy, rN+
                  | Dex+6}
  5220 | D:6      | Identified the +10 short sword of Fresh Trial by Ordeal
                  | {heavy, rN+ Will- SInv}
  5226 | D:6      | Reached * piety under Okawaru
  5227 | D:6      | 5227 ||| Stepping ~*~*~tactically~*~*~ (stealth).
  5228 | D:6      | 5228 ||| Stepping ~*~*~tactically~*~*~ (stealth).
  5296 | D:6      | 5296 ||| Stepping ~*~*~tactically~*~*~ (hiding).
  5304 | D:6      | Reached skill level 1 in Invocations
  5660 | D:6      | 5660 ||| DROPPING ring of wizardry.
  5661 | D:6      | 5661 ||| READING scroll labelled VEIJIV TERRY.
  5740 | D:7      | Reached XP level 9. HP: 41/53 MP: 8/10
  5819 | D:7      | Noticed Prince Ribbit
  5822 | D:7      | 5822 ||| Stepping ~*~*~tactically~*~*~ (stealth).
  5823 | D:7      | 5823 ||| INVOKING Heroism.
  5833 | D:7      | Killed Prince Ribbit
  5834 | D:7      | Reached skill level 3 in Invocations
  5875 | D:7      | Found a glowing silver altar of Zin.
  6103 | D:7      | 6103 ||| UPGRADING to ring of positive energy.
  6229 | D:8      | 6229 ||| INVOKING Heroism.
  6491 | D:8      | 6491 ||| Stepping ~*~*~tactically~*~*~ (hiding).
  6492 | D:8      | 6492 ||| INVOKING Heroism.
  6803 | D:8      | Reached ** piety under Okawaru
  6804 | D:8      | Reached skill level 1 in Dodging
  6934 | D:8      | 6934 ||| INVOKING Heroism.
  6950 | D:8      | Noticed a two-headed ogre
  6957 | D:8      | Killed a two-headed ogre
  6957 | D:8      | Reached *** piety under Okawaru
  6958 | D:8      | Reached XP level 10. HP: 34/63 MP: 13/13
  7493 | D:8      | 7493 ||| READING scroll labelled ACIEPI FIPOC.
  7494 | D:8      | 7494 ||| READING 3 scrolls of identify.
  7494 | D:8      | 7494 ||| IDENTIFYING white potion
  7561 | D:9      | 7561 ||| INVOKING Heroism.
  7640 | D:9      | 7640 ||| Stepping ~*~*~tactically~*~*~ (stealth).
  7641 | D:9      | 7641 ||| Stepping ~*~*~tactically~*~*~ (stealth).
  7646 | D:9      | Received a gift from Okawaru
  7692 | D:9      | 7692 ||| INVOKING Heroism.
  7776 | D:9      | 7776 ||| SWAPPING to +0 broad axe.
  7777 | D:9      | 7777 ||| Stepping ~*~*~tactically~*~*~ (stealth).
  7790 | D:9      | 7790 ||| INVOKING Heroism.
  7838 | D:9      | 7838 ||| INVOKING Heroism.
  7849 | D:9      | Reached skill level 9 in Axes
  7852 | D:9      | 7852 ||| INVOKING Heroism.
  7990 | D:9      | 7990 ||| DROPPING +1 heavy war axe.
  8007 | D:9      | Found a staircase to the Lair.
  8179 | D:9      | 8179 ||| Stepping ~*~*~tactically~*~*~ (stealth).
  8194 | D:9      | 8194 ||| INVOKING Heroism.
  8199 | D:9      | Reached skill level 9 in Shields
  8206 | D:9      | Reached **** piety under Okawaru
  8210 | D:9      | Reached XP level 11. HP: 40/67 MP: 14/14
  8582 | D:9      | 8582 ||| PLANNING LAIR
  8582 | D:9      | 8582 ||| UPGRADING to +0 cloak.
  8612 | Lair:1   | Entered Level 1 of the Lair of Beasts
  8612 | Lair:1   | Noticed Nergalle
  8613 | Lair:1   | 8613 ||| INVOKING Heroism.
  8636 | Lair:1   | Reached skill level 9 in Armour
  8640 | Lair:1   | Killed Nergalle
  8640 | Lair:1   | Reached ***** piety under Okawaru
  8641 | Lair:1   | Reached skill level 6 in Invocations
  8773 | Lair:1   | 8773 ||| Stepping ~*~*~tactically~*~*~ (stealth).
  8776 | Lair:1   | 8776 ||| Stepping ~*~*~tactically~*~*~ (stealth).
  8861 | Lair:1   | 8861 ||| INVOKING Heroism.
  9012 | Lair:1   | 9012 ||| Stepping ~*~*~tactically~*~*~ (stealth).
  9014 | Lair:1   | 9014 ||| Stepping ~*~*~tactically~*~*~ (stealth).
  9093 | Lair:1   | 9093 ||| Stepping ~*~*~tactically~*~*~ (stealth).
  9094 | Lair:1   | 9094 ||| Stepping ~*~*~tactically~*~*~ (stealth).
  9105 | Lair:1   | 9105 ||| INVOKING Heroism.
  9115 | Lair:1   | Received a gift from Okawaru
  9281 | Lair:1   | 9281 ||| INVOKING Heroism.
  9292 | Lair:1   | Reached XP level 12. HP: 66/73 MP: 16/18
  9464 | Lair:1   | 9464 ||| INVOKING Heroism.
  9603 | Lair:1   | 9603 ||| READING scroll labelled QUDY INOUSTEDGH.
  9655 | Lair:2   | Reached skill level 9 in Invocations
  9661 | Lair:2   | 9661 ||| Stepping ~*~*~tactically~*~*~ (stealth).
  9663 | Lair:2   | 9663 ||| Stepping ~*~*~tactically~*~*~ (stealth).
  9803 | Lair:2   | 9803 ||| INVOKING Heroism.
 10021 | Lair:2   | 10021 ||| Stepping ~*~*~tactically~*~*~ (stealth).
 10022 | Lair:2   | 10022 ||| Stepping ~*~*~tactically~*~*~ (stealth).
 10025 | Lair:2   | 10025 ||| Stepping ~*~*~tactically~*~*~ (stealth).
 10033 | Lair:2   | 10033 ||| INVOKING Heroism.
 10126 | Lair:2   | 10126 ||| Stepping ~*~*~tactically~*~*~ (stealth).
 10127 | Lair:2   | 10127 ||| Stepping ~*~*~tactically~*~*~ (stealth).
 10128 | Lair:2   | 10128 ||| INVOKING Heroism.
 10135 | Lair:2   | Noticed a six-headed hydra
 10136 | Lair:2   | 10136 ||| INVOKING Finesse.
 10149 | Lair:2   | 10149 ||| SWAPPING to +0 morningstar.
 10158 | Lair:2   | Killed a six-headed hydra
 10159 | Lair:2   | 10159 ||| SWAPPING to +0 broad axe of protection.
 10291 | Lair:2   | Noticed a death yak
 10292 | Lair:2   | 10292 ||| Stepping ~*~*~tactically~*~*~ (stealth).
 10294 | Lair:2   | 10294 ||| INVOKING Heroism.
 10295 | Lair:2   | Noticed a four-headed hydra
 10311 | Lair:2   | Killed a death yak
 10312 | Lair:2   | 10312 ||| SWAPPING to +0 morningstar.
 10316 | Lair:2   | HP: 15/73 [four-headed hydra (10)]
 10317 | Lair:2   | 10317 ||| READING 6 scrolls of teleportation.
 10318 | Lair:2   | 10318 ||| DRINKING 5 potions of heal wounds.
 10321 | Lair:2   | 10321 ||| Stepping ~*~*~tactically~*~*~ (stealth).
 10322 | Lair:2   | 10322 ||| SWAPPING to +0 broad axe of protection.
 10323 | Lair:2   | 10323 ||| INVOKING Heroism.
 10385 | Lair:2   | 10385 ||| Stepping ~*~*~tactically~*~*~ (stealth).
 10390 | Lair:2   | 10390 ||| Stepping ~*~*~tactically~*~*~ (stealth).
 10403 | Lair:2   | 10403 ||| Stepping ~*~*~tactically~*~*~ (stealth).
 10404 | Lair:2   | 10404 ||| Stepping ~*~*~tactically~*~*~ (stealth).
 10411 | Lair:2   | 10411 ||| Stepping ~*~*~tactically~*~*~ (stealth).
 10549 | Lair:2   | 10549 ||| Stepping ~*~*~tactically~*~*~ (stealth).
 10605 | Lair:2   | Found a staircase to the Swamp.
 10659 | Lair:2   | 10659 ||| Stepping ~*~*~tactically~*~*~ (stealth).
 10922 | Lair:2   | 10922 ||| INVOKING Heroism.
 10933 | Lair:2   | Reached skill level 9 in Fighting
 10953 | Lair:2   | 10953 ||| UPGRADING to ring of resist corrosion.
 11001 | Lair:2   | 11001 ||| INVOKING Heroism.
 11139 | Lair:2   | 11139 ||| INVOKING Heroism.
 11142 | Lair:2   | 11142 ||| SWAPPING to +0 morningstar.
 11148 | Lair:2   | Killed a four-headed hydra
 11149 | Lair:2   | 11149 ||| SWAPPING to +0 broad axe of protection.
 11240 | Lair:2   | 11240 ||| READING 3 scrolls of identify.
 11240 | Lair:2   | 11240 ||| IDENTIFYING blue potion
 11241 | Lair:2   | 11241 ||| DROPPING potion of brilliance.
 11283 | Lair:3   | Noticed a six-headed hydra
 11284 | Lair:3   | 11284 ||| INVOKING Heroism.
 11285 | Lair:3   | 11285 ||| SWAPPING to +0 morningstar.
 11295 | Lair:3   | 11295 ||| STAIRDANCE
 11297 | Lair:2   | Killed a six-headed hydra
 11298 | Lair:2   | 11298 ||| SWAPPING to +0 broad axe of protection.
 11522 | Lair:3   | 11522 ||| INVOKING Heroism.
 11558 | Lair:3   | Reached XP level 13. HP: 80/80 MP: 20/20
 11562 | Lair:3   | 11562 ||| INVOKING Heroism.
 11564 | Lair:3   | Reached skill level 12 in Axes
 11600 | Lair:3   | 11600 ||| Stepping ~*~*~tactically~*~*~ (hiding).
 11603 | Lair:3   | 11603 ||| INVOKING Heroism.
 11741 | Lair:3   | 11741 ||| Stepping ~*~*~tactically~*~*~ (stealth).
 11743 | Lair:3   | 11743 ||| Stepping ~*~*~tactically~*~*~ (stealth).
 11745 | Lair:3   | 11745 ||| INVOKING Heroism.
 11795 | Lair:3   | 11795 ||| INVOKING Heroism.
 11929 | Lair:3   | Found a basalt altar of Yredelemnul.
 12054 | Lair:3   | 12054 ||| Stepping ~*~*~tactically~*~*~ (stealth).
 12055 | Lair:3   | 12055 ||| Stepping ~*~*~tactically~*~*~ (stealth).
 12079 | Lair:3   | 12079 ||| Stepping ~*~*~tactically~*~*~ (hiding).
 12084 | Lair:3   | 12084 ||| Stepping ~*~*~tactically~*~*~ (hiding).
 12089 | Lair:3   | Received a gift from Okawaru
 12148 | Lair:3   | Found a staircase to the Snake Pit.
 12209 | Lair:3   | 12209 ||| Stepping ~*~*~tactically~*~*~ (stealth).
 12210 | Lair:3   | 12210 ||| Stepping ~*~*~tactically~*~*~ (stealth).
 12211 | Lair:3   | 12211 ||| Stepping ~*~*~tactically~*~*~ (stealth).
 12212 | Lair:3   | 12212 ||| INVOKING Heroism.
 12287 | Lair:3   | 12287 ||| INVOKING Heroism.
 12598 | Lair:3   | 12598 ||| UPGRADING to +0 pair of gloves.
 12603 | Lair:3   | 12603 ||| DROPPING scarf of invisibility.
 12604 | Lair:3   | 12604 ||| READING 3 scrolls of identify.
 12604 | Lair:3   | 12604 ||| IDENTIFYING fizzy dark potion
 12617 | Lair:4   | Found a frozen archway.
 12622 | Lair:4   | 12622 ||| INVOKING Heroism.
 12627 | Lair:4   | 12627 ||| SWAPPING to +0 morningstar.
 12635 | Lair:4   | 12635 ||| SWAPPING to +0 broad axe of protection.
 12663 | Lair:4   | 12663 ||| INVOKING Heroism.
 12664 | Lair:4   | 12664 ||| SWAPPING to +0 morningstar.
 12672 | Lair:4   | 12672 ||| SWAPPING to +0 broad axe of protection.
 12814 | Lair:4   | 12814 ||| INVOKING Heroism.
 13043 | Lair:4   | Found a staircase to the Slime Pits.
 13044 | Lair:4   | Found a viscous altar of Jiyva.
 13060 | Lair:4   | 13060 ||| INVOKING Heroism.
 13068 | Lair:4   | Received a gift from Okawaru
 13115 | Lair:4   | 13115 ||| Stepping ~*~*~tactically~*~*~ (stealth).
 13116 | Lair:4   | 13116 ||| INVOKING Heroism.
 13131 | Lair:4   | Reached skill level 12 in Armour
 13385 | Lair:4   | 13385 ||| Stepping ~*~*~tactically~*~*~ (stealth).
 13406 | Lair:4   | 13406 ||| INVOKING Heroism.
 13569 | Lair:4   | 13569 ||| Stepping ~*~*~tactically~*~*~ (stealth).
 13868 | Lair:4   | 13868 ||| Stepping ~*~*~tactically~*~*~ (stealth).
 14155 | Lair:4   | 14155 ||| INVOKING Heroism.
 14345 | Lair:4   | 14345 ||| UPGRADING to amulet of the acrobat.
 14372 | Lair:5   | Entered Level 5 of the Lair of Beasts
 14377 | Lair:5   | 14377 ||| STAIRDANCE
 14389 | Lair:4   | 14389 ||| INVOKING Heroism.
 14492 | Lair:5   | 14492 ||| Stepping ~*~*~tactically~*~*~ (stealth).
 14493 | Lair:5   | 14493 ||| INVOKING Heroism.
 14506 | Lair:5   | Gained mutation: Your large and strong wings let you fly.
                  | [Gargoyle growth]
 14506 | Lair:5   | Reached XP level 14. HP: 88/88 MP: 19/21
 14523 | Lair:5   | 14523 ||| Stepping ~*~*~tactically~*~*~ (hiding).
 14524 | Lair:5   | 14524 ||| SWAPPING to +0 morningstar.
 14526 | Lair:5   | Noticed Snorg
 14531 | Lair:5   | 14531 ||| SWAPPING to +0 broad axe of protection.
 14543 | Lair:5   | 14543 ||| INVOKING Finesse.
 14556 | Lair:5   | Noticed Rupert
 14565 | Lair:5   | HP: 21/88 [snapping turtle (10)]
 14566 | Lair:5   | 14566 ||| READING 6 scrolls of teleportation.
 14566 | Lair:5   | HP: 3/88 [Snorg (19)]
 14566 | Lair:5   | Slain by Snorg

Levels and vault maps discovered:
D:1:      dpeg_arrival_refuge, layout_basic, serial_shops,
          nicolae_shop_rolling_square, serial_bayou_crossing
D:2:      layout_basic
D:3:      gammafunk_wand_slinger, layout_loops_ring, portal_sewer_entry_f,
          minmay_diced_spiral, uniq_ijyb
D:4:      layout_loops_cross, minmay_temple_entry_mini_moons
D:5:      layout_basic
D:6:      layout_loops_ring, mainiacjoe_overflow_large_starburst, minivault_27
D:7:      layout_rooms, zin_statuary, uniq_prince_ribbit1
D:8:      layout_layer_cave
D:9:      layout_irregular_city, minmay_lair_entry_grove
Temple:   hellmonk_temple_divided_pantheon
Lair:1:   layout_hall_layers, uniq_nergalle
Lair:2:   layout_loops_ring, minmay_swamp_entry_reptiles, minivault_23,
          minmay_lindwurm_lava, serial_bayou_shore_b, infiniplex_staircase_pool,
          lemuel_fruit_tree
Lair:3:   layout_misc_corridors, guppyfry_snake_entry_island, basic_altar,
          st_stairs_8, beast_lair_carwin_8, serial_bayou_shore_b
Lair:4:   layout_layer_cave, slime_entry_1, portal_ice_cave_entry_pillars_2,
          cheibrodos_lair_lostbears, lemuel_fruit_fields
Lair:5:   gammafunk_lair_ancient_temple, layout_regular_city,
          chequers_serial_rivers_micro_e, uniq_rupert, uniq_snorg,
          uniq_josephine

Skill      XL: |  1  2  3  4  5  6  7  8  9 10 11 12 13 14 |
---------------+-------------------------------------------+-----
Axes           | 2 3 4 5 6 7 8 9 10 11 13 | 13.1
Shields        | 4 5 6 7 9 10 11 | 11.1
Throwing       | 2 |  2.1
Fighting       | 4 7 8 9 10 | 10.0
Armour         | 6 7 8 9 10 12 13 | 13.0
Invocations    | 1 4 8 10 | 10.0
Dodging        | 1 2 |  2.2

Action                     |  1- 3 |  4- 6 |  7- 9 | 10-12 | 13-15 || total
---------------------------+-------+-------+-------+-------+-------++-------
  Melee: War axe           |    72 |   180 |   217 |    19 |       ||   488
         Broad axe         |       |       |       |   424 |   463 ||   887
         Morningstar       |       |       |       |    31 |    20 ||    51
  Throw: Boomerang         |       |    30 |     8 |    63 |    21 ||   122
         Javelin           |       |     3 |    47 |    16 |       ||    66
 Invoke: Heroism           |       |       |     4 |    21 |    15 ||    40
         Finesse           |       |       |       |     1 |     1 ||     2
    Use: Scroll            |     3 |     5 |    10 |     5 |     2 ||    25
         Potion            |     3 |     2 |     1 |     1 |       ||     7
   Stab: Invisible         |     1 |       |       |       |       ||     1
 Armour: Scale mail        |    35 |       |       |       |       ||    35
         Chain mail        |     5 |   161 |    26 |       |       ||   192
         Plate armour      |       |       |    14 |       |       ||    14
         Crystal plate arm |       |       |   199 |   611 |   448 ||  1258
  Dodge: Dodged            |    35 |    66 |    51 |   142 |   128 ||   422
  Block: Buckler           |    13 |    13 |       |       |       ||    26
         Kite shield       |       |    87 |   155 |   399 |   353 ||   994

Table legend:
 A = Non-vault XP
 B = Vault XP
 C = Vault XP percentage of total XP
 D = Non-vault monster count
 E = Vault monster count
 F = Vault count percentage of total count
                 A         B        C        D         E       F
            +---------+---------+-------+---------+---------+-------
      Total |   46903 |   11842 |  20.2 |     264 |     105 |  28.5
            +---------+---------+-------+---------+---------+-------
        D:1 |      25 |       0 |   0.0 |      15 |       0 |   0.0
        D:2 |      22 |       0 |   0.0 |       6 |       0 |   0.0
        D:3 |      80 |      55 |  40.7 |      14 |      10 |  41.7
        D:4 |     231 |       0 |   0.0 |      17 |       0 |   0.0
        D:5 |     671 |       0 |   0.0 |      18 |       0 |   0.0
        D:6 |     818 |       0 |   0.0 |      24 |       0 |   0.0
        D:7 |     279 |     268 |  49.0 |       5 |       1 |  16.7
        D:8 |    2701 |       0 |   0.0 |      20 |       0 |   0.0
        D:9 |    2077 |    1939 |  48.3 |      17 |      13 |  43.3
     Lair:1 |    8963 |     785 |   8.1 |      36 |       1 |   2.7
     Lair:2 |   10297 |    1946 |  15.9 |      31 |       6 |  16.2
     Lair:3 |    3924 |    3452 |  46.8 |      18 |      12 |  40.0
     Lair:4 |   14252 |     900 |   5.9 |      36 |       3 |   7.7
     Lair:5 |    2563 |    2120 |  45.3 |       7 |       5 |  41.7
      Sewer |       0 |     377 | 100.0 |       0 |      54 | 100.0
            +---------+---------+-------+---------+---------+-------
